 Dungeon Crawl Stone Soup version 0.30.0-21-gd299b56b3f (webtiles) character file.

Game seed: 16733982973062908832

13869 qw the Blocker (level 12, -5/72 HPs)
             Began as a Gargoyle Fighter on June 2, 2023.
             Was an Elder of Okawaru.
             Slain by a seven-headed hydra (8 damage)
             ... on level 3 of the Lair of Beasts.
             The game lasted 00:04:45 (9609 turns).

qw the Blocker (Gargoyle Fighter)                   Turns: 9609, Time: 00:04:46

Health: -5/72      AC: 30    Str: 25    XL:     12   Next: 10%
Magic:  19/19      EV:  7    Int:  9    God:    Okawaru [****..]
Gold:   330        SH: 21    Dex:  9    Spells: 11/11 levels left

rFire   . . .        r - +0 flail
rCold   + . .        f - +0 tower shield
rNeg    + . .        b - +4 chain mail
rPois   inf          e - +1 helmet
rElec   +            (no cloak)
rCorr   .            (no gloves)
SInv    .            n - +0 pair of boots
Will    .....        i - amulet of reflection
Stlth   x              - ring of protection from cold
HPRegen 0.32/turn    o - +4 ring of protection
MPRegen 0.16/turn

%: reflection
@: no status effects
A: sickness immunity, AC +8, negative energy resistance 1, electricity
resistance, torment resistance 1, petrification resistance
a: Renounce Religion, Heroism, Finesse


You were on level 3 of the Lair of Beasts.
You worshipped Okawaru.
Okawaru was greatly pleased with you.
You visited 2 branches of the dungeon, and saw 11 of its levels.

You collected 585 gold pieces.
You spent 255 gold pieces at shops.


Innate Abilities, Weirdness & Mutations

You are immune to sickness and miasma.
Your stone body is resilient. (AC +8)
You are immune to poison.
You resist negative energy. (rN+)
You are resistant to electric shocks. (rElec)
You are resistant to unholy torment.
You are immune to petrification.


   Skills:
 - Level 7.0 Fighting
 - Level 10.0 Axes
 - Level 2.4 Throwing
 - Level 5.1 Armour
 - Level 2.0 Dodging
 + Level 12.5 Shields
 + Level 9.5 Invocations


You had 11 spell levels left.
You didn't know any spells.
Your spell library was empty.

Inventory:

Hand Weapons
 r - a +0 flail (weapon)
 Y - a +1 war axe of protection
Missiles
 c - a boomerang (quivered)
Armour
 b - a +4 chain mail (worn)
 e - a +1 helmet (worn)
 f - a +0 tower shield (worn)
 l - +0 acid dragon scales
 n - a +0 pair of boots (worn)
Jewellery
 h - a ring of ice
 i - an amulet of reflection (around neck)
 o - a +4 ring of protection (right hand)
 v - the ring of the Raven {*Corrode rPois Str+2 Dex+3}
   (You found it on level 3 of the Dungeon)

   [ring of poison resistance]

   Str:       It affects your strength (+2).
   Dex:       It affects your dexterity (+3).
   rPois:     It protects you from poison.
   *Corrode:  It may corrode you when you take damage.
 x - a ring of protection from cold (left hand)
Scrolls
 a - 2 scrolls of identify
Potions
 d - 3 potions of might
 g - a potion of magic
 j - 4 potions of curing
 m - 2 potions of attraction
 q - a potion of lignification
 t - a potion of haste

Dungeon Overview and Level Annotations

Branches:
Dungeon (8/15)             Temple (0/1) D:4            Lair (3/5) D:8
 Spider (0/4) Lair:2
  Swamp: Lair:2-3    Shoals: Lair:2-3

Altars:
Cheibriados
Elyvilon
Fedhas
Kikubaaqudgha
Okawaru
Qazlal
Sif Muna
Uskayaw
The Shining One

Shops:
D:2 (   D:8 *

Annotations:
D:4 2 runed translucent doors, qw's ghost, amateur GrFi
D:5 1 runed translucent door, Crazy Yiuf


Message History

You sock the seven-headed hydra!
The seven-headed hydra is lightly wounded.
The cane toad stings you but does no damage.
The seven-headed hydra bites you but does no damage.
You block the seven-headed hydra's attack. x2
The seven-headed hydra bites you but does no damage.
You block the seven-headed hydra's attack.
The seven-headed hydra bites you but does no damage. x2
You completely miss the seven-headed hydra.
The seven-headed hydra is lightly wounded.
You block the cane toad's attack.
You block the seven-headed hydra's attack.
The seven-headed hydra bites you but does no damage.
You block the seven-headed hydra's attack.
The seven-headed hydra bites you but does no damage.
You block the seven-headed hydra's attack.
The seven-headed hydra bites you!
You block the seven-headed hydra's attack.
You thump the seven-headed hydra!
The seven-headed hydra is lightly wounded.
You block the yak's attack. You block the cane toad's attack.
You hit the seven-headed hydra.
The seven-headed hydra is moderately wounded.
You block the seven-headed hydra's attack. x3
The seven-headed hydra bites you!
You block the seven-headed hydra's attack.
The seven-headed hydra bites you but does no damage. x2
You block the cane toad's attack. The yak misses you.
You barely miss the seven-headed hydra.
The seven-headed hydra is moderately wounded.
You feel like a meek peon again. The cane toad closely misses you.
The seven-headed hydra bites you but does no damage.
The seven-headed hydra misses you.
The seven-headed hydra bites you but does no damage.
You block the seven-headed hydra's attack.
The seven-headed hydra bites you but does no damage.
You block the seven-headed hydra's attack.
The seven-headed hydra bites you!
You die...

#... #... #....
..# ..... ...#
#.F.D. #...#
#.....# ####...##
.......##@##....#
........YFD....##
.Y(......Y......#
...............##
..#).#.#...%...##
...#.#####..<...#
.. # ##.....# .
#....## #....#


You could see a seven-headed hydra, 2 yaks and a cane toad.

Vanquished Creatures
  Fannar (Lair:1)
  A hydra (Lair:3)
  2 death yaks (Lair:2)
  An orb spider (Lair:2)
  3 elephants (Lair:2)
  A black mamba (Lair:1)
  Joseph (Lair:1)
  Maggie (D:7)
  A rime drake (Lair:1)
  4 cane toads
  5 komodo dragons
  A polar bear (Lair:2)
  Prince Ribbit (Lair:1)
  2 blink frogs (Lair:1)
  Sigmund (D:4)
  3 basilisks
  8 yaks
  2 steam dragons
  Menkaure (D:7)
  6 water moccasins
  4 ice beasts
  An orc warrior (D:8)
  4 sky beasts
  3 centaurs
  A black bear (D:8)
  An ogre (D:5)
  2 phantoms (D:6)
  8 bullfrogs
  4 scorpions
  3 wights (D:7)
  3 hounds
  A gnoll bouda (D:8)
  An orc priest (D:5)
  2 iguanas (D:6)
  3 sleepcaps
  4 orc wizards
  8 adders
  8 gnolls
  2 shadow imps
  A white imp (D:8)
  2 ufetubi
  4 worms
  2 dart slugs
  34 orcs
  A bat (D:1)
  9 endoplasms
  3 giant cockroaches
  9 goblins
  5 hobgoblins
  6 jackals
  7 kobolds
  4 quokkas
  7 ball pythons
  2 frilled lizards (D:2)
  3 rats
208 creatures vanquished.

Notes
Turn   | Place    | Note
-------+----------+-------------------------------------------
     0 | D:1      | qw the Gargoyle Fighter began the quest for the Orb.
     0 | D:1      | Reached XP level 1. HP: 14/14 MP: 1/1
     0 | D:1      | 0 ||| qw: Version: 0.2-a-102-gdf20003
     0 | D:1      | 0 ||| qw: Game counter: 818
     0 | D:1      | 0 ||| qw: Always use a shield: true
     0 | D:1      | 0 ||| qw: God list: Okawaru
     0 | D:1      | 0 ||| qw: Allow faded altars: false
     0 | D:1      | 0 ||| qw: Do Orc after D:15 true
     0 | D:1      | 0 ||| qw: Do second Lair branch before Depths: true
     0 | D:1      | 0 ||| qw: Lair rune preference: random
     0 | D:1      | 0 ||| qw: Plans: Normal, Zot:1-4, Slime:5, God:TSO, Crypt,
                  | Tomb, Pan, Hells, Abyss, Win
     0 | D:1      | 0 ||| PLANNING D:1-11
   307 | D:1      | 307 ||| Stepping ~*~*~tactically~*~*~ (hiding).
   315 | D:1      | Reached XP level 2. HP: 19/19 MP: 2/2
   445 | D:1      | 445 ||| Stepping ~*~*~tactically~*~*~ (hiding).
  1036 | D:1      | Reached skill level 3 in Axes
  1089 | D:1      | 1089 ||| UPGRADING to amulet of reflection.
  1094 | D:1      | 1094 ||| READING 2 scrolls labelled PAIJUPELUAH.
  1095 | D:1      | 1095 ||| READING scroll labelled CONESMYAPN.
  1133 | D:2      | 1133 ||| Stepping ~*~*~tactically~*~*~ (hiding).
  1138 | D:2      | Reached XP level 3. HP: 23/23 MP: 3/3
  1334 | D:2      | 1334 ||| DROPPING +0 club.
  1848 | D:2      | Reached XP level 4. HP: 28/28 MP: 4/4
  1899 | D:2      | Found Uhuk's Weapon Shop.
  1958 | D:2      | 1958 ||| UPGRADING to +0 helmet.
  1963 | D:2      | 1963 ||| UPGRADING to +0 pair of boots.
  1968 | D:2      | 1968 ||| READING scroll labelled PIUSEO UMEEHI.
  1969 | D:2      | 1969 ||| READING scroll labelled LEVVAE CA BIF.
  1989 | D:2      | 1989 ||| READING scroll labelled PEETWA EDEVENK.
  2143 | D:3      | Found a faded altar of an unknown god.
  2261 | D:3      | Found an ancient bone altar of Kikubaaqudgha.
  2484 | D:3      | Found a snail-covered altar of Cheibriados.
  2574 | D:3      | Identified the ring of the Raven {*Corrode rPois Str+2
                  | Dex+3}
  2593 | D:3      | Found an iron altar of Okawaru.
  2594 | D:3      | 2594 ||| PLANNING OKAWARU WORSHIP
  2594 | D:3      | 2594 ||| UPGRADING to +0 tower shield.
  2604 | D:3      | 2604 ||| DROPPING +0 buckler.
  2605 | D:3      | 2605 ||| UPGRADING to ring of the Raven {*Corrode rPois
                  | Str+2 Dex+3}.
  2608 | D:3      | Became a worshipper of Warmaster Okawaru
  2608 | D:3      | 2608 ||| PLANNING D:1-11
  2613 | D:3      | Found a glowing golden altar of the Shining One.
  2671 | D:3      | 2671 ||| Stepping ~*~*~tactically~*~*~ (stealth).
  2672 | D:3      | 2672 ||| Stepping ~*~*~tactically~*~*~ (stealth).
  2824 | D:4      | Reached skill level 4 in Shields
  2861 | D:4      | Found a large runed translucent door.
  2861 | D:4      | Found a large runed translucent door.
  2866 | D:4      | Noticed qw's ghost (amateur GrFi)
  2883 | D:4      | Reached XP level 5. HP: 32/32 MP: 5/5
  3004 | D:4      | 3004 ||| Stepping ~*~*~tactically~*~*~ (hiding).
  3018 | D:4      | Noticed Sigmund
  3019 | D:4      | 3019 ||| Stepping ~*~*~tactically~*~*~ (stealth).
  3020 | D:4      | 3020 ||| Stepping ~*~*~tactically~*~*~ (stealth).
  3027 | D:4      | Killed Sigmund
  3027 | D:4      | Reached * piety under Okawaru
  3028 | D:4      | Reached skill level 6 in Shields
  3028 | D:4      | Reached XP level 6. HP: 32/37 MP: 6/6
  3094 | D:4      | Found a stormy altar of Qazlal.
  3094 | D:4      | Noticed a sky beast
  3096 | D:4      | 3096 ||| Stepping ~*~*~tactically~*~*~ (stealth).
  3097 | D:4      | 3097 ||| Stepping ~*~*~tactically~*~*~ (stealth).
  3113 | D:4      | Killed a sky beast
  3114 | D:4      | Reached skill level 1 in Invocations
  3170 | D:4      | Found a staircase to the Ecumenical Temple.
  3374 | D:4      | 3374 ||| Stepping ~*~*~tactically~*~*~ (water).
  3514 | D:4      | Reached XP level 7. HP: 41/41 MP: 8/8
  3757 | D:4      | 3757 ||| UPGRADING to +0 chain mail.
  3767 | D:4      | 3767 ||| DROPPING +0 scale mail.
  3768 | D:4      | 3768 ||| READING scroll labelled SAASOBRAERR.
  3769 | D:4      | 3769 ||| READING scroll labelled TOCZIU UQ DYW.
  3770 | D:4      | 3770 ||| DRINKING 2 glowing green potions.
  3771 | D:4      | 3771 ||| DRINKING 2 clear potions.
  3792 | D:5      | Entered Level 5 of the Dungeon
  3793 | D:5      | 3793 ||| Stepping ~*~*~tactically~*~*~ (hiding).
  3794 | D:5      | 3794 ||| Stepping ~*~*~tactically~*~*~ (hiding).
  3795 | D:5      | 3795 ||| Stepping ~*~*~tactically~*~*~ (hiding).
  3796 | D:5      | 3796 ||| Stepping ~*~*~tactically~*~*~ (hiding).
  3802 | D:5      | Reached ** piety under Okawaru
  3803 | D:5      | Reached skill level 7 in Shields
  3805 | D:5      | 3805 ||| INVOKING Heroism.
  3874 | D:5      | 3874 ||| DROPPING +0 mace.
  3876 | D:5      | Found a runed translucent door.
  3877 | D:5      | Noticed Crazy Yiuf
  3929 | D:5      | 3929 ||| Stepping ~*~*~tactically~*~*~ (hiding).
  3935 | D:5      | 3935 ||| INVOKING Heroism.
  3943 | D:5      | Reached skill level 3 in Invocations
  4033 | D:5      | 4033 ||| DROPPING +2 heavy hammer.
  4413 | D:5      | Found a white marble altar of Elyvilon.
  4576 | D:5      | Found a blossoming altar of Fedhas.
  4577 | D:5      | 4577 ||| Stepping ~*~*~tactically~*~*~ (hiding).
  4679 | D:5      | 4679 ||| Stepping ~*~*~tactically~*~*~ (hiding).
  4781 | D:5      | 4781 ||| Stepping ~*~*~tactically~*~*~ (hiding).
  4846 | D:5      | 4846 ||| INVOKING Heroism.
  4860 | D:5      | Reached skill level 8 in Shields
  4860 | D:5      | Reached XP level 8. HP: 46/46 MP: 11/11
  5012 | D:5      | 5012 ||| UPGRADING to +4 chain mail.
  5022 | D:5      | 5022 ||| DROPPING scarf of harm.
  5023 | D:5      | 5023 ||| DROPPING +0 chain mail.
  5024 | D:5      | 5024 ||| READING scroll labelled PYKAPT GOWU.
  5025 | D:5      | 5025 ||| READING 3 scrolls of identify.
  5025 | D:5      | 5025 ||| IDENTIFYING lumpy brown potion
  5026 | D:5      | 5026 ||| READING 2 scrolls of identify.
  5026 | D:5      | 5026 ||| IDENTIFYING sedimented grey potion
  5027 | D:5      | 5027 ||| DROPPING potion of degeneration.
  5168 | D:6      | 5168 ||| READING scroll of enchant armour.
  5168 | D:6      | 5168 ||| ENCHANTING +0 helmet.
  5194 | D:6      | Reached skill level 1 in Dodging
  5267 | D:6      | 5267 ||| Stepping ~*~*~tactically~*~*~ (hiding).
  5269 | D:6      | 5269 ||| Stepping ~*~*~tactically~*~*~ (hiding).
  5281 | D:6      | 5281 ||| FLEEEEING.
  5282 | D:6      | 5282 ||| FLEEEEING.
  5283 | D:6      | 5283 ||| FLEEEEING.
  5285 | D:6      | 5285 ||| FLEEEEING.
  5286 | D:6      | 5286 ||| FLEEEEING.
  5287 | D:6      | 5287 ||| FLEEEEING.
  5288 | D:6      | 5288 ||| FLEEEEING.
  5289 | D:6      | 5289 ||| FLEEEEING.
  5290 | D:6      | 5290 ||| FLEEEEING.
  5291 | D:6      | 5291 ||| FLEEEEING.
  5292 | D:6      | 5292 ||| FLEEEEING.
  5293 | D:6      | 5293 ||| FLEEEEING.
  5294 | D:6      | 5294 ||| FLEEEEING.
  5298 | D:6      | 5298 ||| DRINKING 4 potions of curing.
  5298 | D:6      | 5298 ||| (to cure confusion)
  5302 | D:6      | 5302 ||| DRINKING 3 potions of curing.
  5302 | D:6      | 5302 ||| (to cure confusion)
  5309 | D:6      | Reached skill level 9 in Shields
  5361 | D:6      | Reached *** piety under Okawaru
  5371 | D:6      | Reached XP level 9. HP: 52/52 MP: 12/12
  5373 | D:6      | Reached skill level 6 in Axes
  5603 | D:6      | 5603 ||| DROPPING amulet of magic regeneration.
  5604 | D:6      | 5604 ||| READING scroll labelled PETUIJ BOPNOASS.
  5607 | D:6      | 5607 ||| READING scroll labelled BABUNAU GIFRU.
  5651 | D:7      | Found a flagged portal.
  5652 | D:7      | Noticed Menkaure
  5653 | D:7      | 5653 ||| INVOKING Heroism.
  5663 | D:7      | Killed Menkaure
  5706 | D:7      | Reached skill level 10 in Shields
  5806 | D:7      | 5806 ||| INVOKING Heroism.
  5807 | D:7      | 5807 ||| Stepping ~*~*~tactically~*~*~ (cloud).
  5817 | D:7      | 5817 ||| FLEEEEING.
  5818 | D:7      | 5818 ||| FLEEEEING.
  5819 | D:7      | 5819 ||| FLEEEEING.
  5820 | D:7      | 5820 ||| FLEEEEING.
  5822 | D:7      | 5822 ||| FLEEEEING.
  5823 | D:7      | 5823 ||| FLEEEEING.
  5824 | D:7      | 5824 ||| FLEEEEING.
  5825 | D:7      | 5825 ||| FLEEEEING.
  5826 | D:7      | 5826 ||| FLEEEEING.
  5827 | D:7      | 5827 ||| FLEEEEING.
  5828 | D:7      | 5828 ||| FLEEEEING.
  5829 | D:7      | 5829 ||| FLEEEEING.
  5830 | D:7      | 5830 ||| FLEEEEING.
  5831 | D:7      | 5831 ||| FLEEEEING.
  5832 | D:7      | 5832 ||| FLEEEEING.
  5834 | D:7      | 5834 ||| FLEEEEING.
  5835 | D:7      | 5835 ||| FLEEEEING.
  5836 | D:7      | 5836 ||| FLEEEEING.
  5837 | D:7      | 5837 ||| FLEEEEING.
  5838 | D:7      | 5838 ||| FLEEEEING.
  5839 | D:7      | 5839 ||| FLEEEEING.
  5841 | D:7      | 5841 ||| FLEEEEING.
  5842 | D:7      | 5842 ||| FLEEEEING.
  5843 | D:7      | 5843 ||| FLEEEEING.
  5844 | D:7      | 5844 ||| FLEEEEING.
  5845 | D:7      | 5845 ||| FLEEEEING.
  5846 | D:7      | 5846 ||| FLEEEEING.
  5847 | D:7      | 5847 ||| FLEEEEING.
  5850 | D:7      | 5850 ||| FLEEEEING.
  5851 | D:7      | 5851 ||| FLEEEEING.
  5852 | D:7      | 5852 ||| FLEEEEING.
  5853 | D:7      | 5853 ||| FLEEEEING.
  5854 | D:7      | 5854 ||| FLEEEEING.
  5855 | D:7      | 5855 ||| FLEEEEING.
  5856 | D:7      | 5856 ||| STAIRDANCE
  5891 | D:6      | 5891 ||| DRINKING 2 sedimented inky potions.
  5936 | D:6      | 5936 ||| READING 2 scrolls of identify.
  5936 | D:6      | 5936 ||| IDENTIFYING silvery potion
  5937 | D:6      | 5937 ||| DROPPING potion of berserk rage.
  5968 | D:7      | Found a hide-covered altar of Uskayaw.
  5970 | D:7      | Noticed Maggie
  5980 | D:7      | Killed Maggie
  6391 | D:8      | Reached skill level 1 in Throwing
  6530 | D:8      | 6530 ||| INVOKING Heroism.
  6542 | D:8      | 6542 ||| INVOKING Heroism.
  6565 | D:8      | Reached skill level 11 in Shields
  6565 | D:8      | Reached XP level 10. HP: 52/59 MP: 13/13
  6568 | D:8      | 6568 ||| FLEEEEING.
  6569 | D:8      | 6569 ||| Stepping ~*~*~tactically~*~*~ (stealth).
  6592 | D:8      | 6592 ||| INVOKING Heroism.
  6684 | D:8      | Found Riblolud's General Store.
  6696 | D:8      | 6696 ||| BUYING potion of curing (45 gold).
  6696 | D:8      | Bought a potion of curing for 45 gold pieces
  6696 | D:8      | 6696 ||| BUYING potion of haste (150 gold).
  6696 | D:8      | Bought a potion of haste for 150 gold pieces
  6696 | D:8      | 6696 ||| BUYING scroll of identify (30 gold).
  6696 | D:8      | Bought a scroll of identify for 30 gold pieces
  6696 | D:8      | 6696 ||| BUYING scroll of identify (30 gold).
  6696 | D:8      | Bought a scroll of identify for 30 gold pieces
  6846 | D:8      | 6846 ||| DRINKING 5 potions of curing.
  6846 | D:8      | 6846 ||| (to cure confusion)
  6847 | D:8      | Received a gift from Okawaru
  6961 | D:8      | Found a staircase to the Lair.
  6962 | D:8      | 6962 ||| INVOKING Heroism.
  7053 | D:8      | 7053 ||| Stepping ~*~*~tactically~*~*~ (stealth).
  7061 | D:8      | 7061 ||| Stepping ~*~*~tactically~*~*~ (stealth).
  7077 | D:8      | 7077 ||| INVOKING Heroism.
  7123 | D:8      | Found a shimmering blue altar of Sif Muna.
  7128 | D:8      | 7128 ||| Stepping ~*~*~tactically~*~*~ (stealth).
  7132 | D:8      | 7132 ||| Stepping ~*~*~tactically~*~*~ (stealth).
  7153 | D:8      | Reached skill level 6 in Fighting
  7258 | D:8      | 7258 ||| PLANNING LAIR
  7258 | D:8      | 7258 ||| DROPPING +1 helmet.
  7259 | D:8      | 7259 ||| UPGRADING to +4 ring of protection.
  7260 | D:8      | 7260 ||| READING scroll labelled ROC BATECORITT.
  7361 | D:8      | 7361 ||| READING 3 scrolls of identify.
  7361 | D:8      | 7361 ||| IDENTIFYING bubbling ruby potion
  7380 | Lair:1   | Entered Level 1 of the Lair of Beasts
  7381 | Lair:1   | 7381 ||| INVOKING Heroism.
  7452 | Lair:1   | Noticed Joseph
  7453 | Lair:1   | 7453 ||| Stepping ~*~*~tactically~*~*~ (hiding).
  7464 | Lair:1   | Killed Joseph
  7464 | Lair:1   | Reached **** piety under Okawaru
  7464 | Lair:1   | Received a gift from Okawaru
  7482 | Lair:1   | 7482 ||| INVOKING Heroism.
  7496 | Lair:1   | Reached skill level 9 in Axes
  7506 | Lair:1   | Noticed a black mamba
  7507 | Lair:1   | 7507 ||| Stepping ~*~*~tactically~*~*~ (stealth).
  7509 | Lair:1   | 7509 ||| Stepping ~*~*~tactically~*~*~ (stealth).
  7513 | Lair:1   | 7513 ||| Stepping ~*~*~tactically~*~*~ (stealth).
  7515 | Lair:1   | 7515 ||| INVOKING Heroism.
  7522 | Lair:1   | Killed a black mamba
  7693 | Lair:1   | 7693 ||| INVOKING Heroism.
  7717 | Lair:1   | Reached skill level 12 in Shields
  7717 | Lair:1   | Reached XP level 11. HP: 63/66 MP: 14/14
  7732 | Lair:1   | Noticed Prince Ribbit
  7739 | Lair:1   | Killed Prince Ribbit
  7905 | Lair:1   | 7905 ||| Stepping ~*~*~tactically~*~*~ (hiding).
  7906 | Lair:1   | 7906 ||| Stepping ~*~*~tactically~*~*~ (hiding).
  7923 | Lair:1   | Reached skill level 6 in Invocations
  7989 | Lair:1   | Noticed Fannar
  7995 | Lair:1   | 7995 ||| INVOKING Heroism.
  8002 | Lair:1   | HP: 13/67 [Fannar/+0 quarterstaff of freezing (13)]
  8003 | Lair:1   | 8003 ||| DRINKING potion of heal wounds.
  8011 | Lair:1   | HP: 16/67 [Fannar/bolt of cold (14)]
  8013 | Lair:1   | Killed Fannar
  8268 | Lair:1   | 8268 ||| INVOKING Heroism.
  8466 | Lair:1   | 8466 ||| READING 4 scrolls of identify.
  8466 | Lair:1   | 8466 ||| IDENTIFYING pink potion
  8467 | Lair:1   | 8467 ||| DROPPING potion of brilliance.
  8483 | Lair:2   | 8483 ||| INVOKING Heroism.
  8530 | Lair:2   | 8530 ||| Stepping ~*~*~tactically~*~*~ (stealth).
  8531 | Lair:2   | 8531 ||| INVOKING Heroism.
  8641 | Lair:2   | 8641 ||| INVOKING Heroism.
  8679 | Lair:2   | 8679 ||| INVOKING Heroism.
  8894 | Lair:2   | 8894 ||| INVOKING Heroism.
  8910 | Lair:2   | 8910 ||| Stepping ~*~*~tactically~*~*~ (stealth).
  8946 | Lair:2   | Found a hole to the Spider Nest.
  8946 | Lair:2   | Noticed an orb spider
  8962 | Lair:2   | Killed an orb spider
  8962 | Lair:2   | Received a gift from Okawaru
  8962 | Lair:2   | Reached ***** piety under Okawaru
  9046 | Lair:2   | Noticed a death yak
  9046 | Lair:2   | Noticed a death yak
  9047 | Lair:2   | 9047 ||| INVOKING Heroism.
  9055 | Lair:2   | Killed a death yak
  9056 | Lair:2   | 9056 ||| INVOKING Finesse.
  9070 | Lair:2   | 9070 ||| INVOKING Heroism.
  9072 | Lair:2   | Killed a death yak
  9247 | Lair:2   | 9247 ||| INVOKING Heroism.
  9264 | Lair:2   | Received a gift from Okawaru
  9265 | Lair:2   | Reached skill level 9 in Invocations
  9265 | Lair:2   | Reached XP level 12. HP: 64/72 MP: 18/18
  9525 | Lair:2   | 9525 ||| UPGRADING to ring of protection from cold.
  9527 | Lair:2   | 9527 ||| READING scroll labelled GOUZOTRENA.
  9528 | Lair:2   | 9528 ||| READING scroll labelled VEURIT GUSME.
  9529 | Lair:2   | 9529 ||| READING 3 scrolls of identify.
  9529 | Lair:2   | 9529 ||| IDENTIFYING cyan potion
  9530 | Lair:2   | 9530 ||| DROPPING potion of ambrosia.
  9580 | Lair:3   | Noticed an eight-headed hydra
  9581 | Lair:3   | 9581 ||| INVOKING Heroism.
  9582 | Lair:3   | 9582 ||| Stepping ~*~*~tactically~*~*~ (stealth).
  9583 | Lair:3   | 9583 ||| Stepping ~*~*~tactically~*~*~ (stealth).
  9588 | Lair:3   | Noticed a seven-headed hydra
  9589 | Lair:3   | 9589 ||| SWAPPING to +0 flail.
  9599 | Lair:3   | Killed an eight-headed hydra
  9601 | Lair:3   | HP: 18/72 [cane toad (16)]
  9606 | Lair:3   | HP: 12/72 [seven-headed hydra (7)]
  9608 | Lair:3   | HP: 3/72 [seven-headed hydra (10)]
  9609 | Lair:3   | Slain by a seven-headed hydra

Levels and vault maps discovered:
D:1:      heliophobic_arrival_enchanted_forest, layout_basic
D:2:      minmay_wonky_spiral, layout_loops_ring, serial_shops,
          nicolae_shop_back_alley_shop, corexii_corridor_pit, minmay_cupped
D:3:      layout_loops_ring, mainiacjoe_overflow_alcove_2,
          kiku_gazebo_pond_becter, minitemple,
          hellmonk_ecumenical_altar_inner_sanctum
D:4:      layout_loops_corners, nicolae_qazlal_beasts_of_the_sky,
          ebering_ghost_disaster_area, chequers_hall_statues_wall_a,
          serial_bayou_pond_c, uniq_sigmund
D:5:      layout_layer_cave, mainiacjoe_overflow_surrounded_room,
          fedhas_bush_and_centaur_altar, solitary_fountain,
          uniq_crazy_yiuf_cottage
D:6:      layout_rooms
D:7:      layout_basic, eat_drink_and_be_merry_uskayaw, enter_bailey_5,
          uniq_maggie, uniq_menkaure
D:8:      layout_basic, nicolae_sif_muna_condensation,
          grunt_lair_entry_orc_guard_hut, serial_shops, shop
Lair:1:   layout_misc_corridors, nicolae_lair_grove_arrangements,
          uniq_prince_ribbit2, uniq_joseph, uniq_fannar
Lair:2:   layout_roguey, nicolae_spider_entry_orb_guardian, lemuel_fruit_tree
Lair:3:   layout_chaotic_city, minmay_shoals_entry_lonely_mermaid,
          infiniplex_staircase_pool_2

Skill      XL: |  1  2  3  4  5  6  7  8  9 10 11 |
---------------+----------------------------------+-----
Axes           | 2 3 4 5 7 9 10 | 10.0
Shields        | 4 6 8 9 11 12 | 12.5
Invocations    | 1 4 5 9 |  9.5
Dodging        | 1 2 |  2.0
Fighting       | 4 5 6 7 |  7.0
Throwing       | 1 2 |  2.4
Armour         | 4 5 |  5.1

Action                     |  1- 3 |  4- 6 |  7- 9 | 10-12 || total
---------------------------+-------+-------+-------+-------++-------
  Melee: War axe           |   103 |    98 |   281 |   319 ||   801
         Flail             |       |       |       |    20 ||    20
  Throw: Boomerang         |       |    14 |    49 |    38 ||   101
         Javelin           |       |       |       |    23 ||    23
 Invoke: Heroism           |       |       |     7 |    18 ||    25
         Finesse           |       |       |       |     1 ||     1
    Use: Scroll            |     2 |     3 |     9 |     6 ||    20
         Potion            |       |       |     5 |     2 ||     7
 Armour: Scale mail        |    28 |    39 |     1 |       ||    68
         Chain mail        |       |       |   144 |   150 ||   294
  Dodge: Dodged            |    37 |    21 |    56 |    81 ||   195
  Block: Buckler           |    25 |     7 |       |       ||    32
         Tower shield      |       |    69 |   333 |   362 ||   764
         Reflection        |       |       |    19 |       ||    19

Table legend:
 A = Non-vault XP
 B = Vault XP
 C = Vault XP percentage of total XP
 D = Non-vault monster count
 E = Vault monster count
 F = Vault count percentage of total count
                 A         B        C        D         E       F
            +---------+---------+-------+---------+---------+-------
      Total |   15283 |    4530 |  22.9 |     185 |      23 |  11.1
            +---------+---------+-------+---------+---------+-------
        D:1 |      30 |       0 |   0.0 |      16 |       0 |   0.0
        D:2 |      44 |       8 |  15.4 |      15 |       4 |  21.1
        D:3 |      26 |       0 |   0.0 |      13 |       0 |   0.0
        D:4 |     187 |     352 |  65.3 |      24 |       2 |   7.7
        D:5 |     527 |     115 |  17.9 |      18 |       1 |   5.3
        D:6 |    1117 |       0 |   0.0 |      32 |       0 |   0.0
        D:7 |    1023 |     577 |  36.1 |      11 |       6 |  35.3
        D:8 |    1773 |     648 |  26.8 |      24 |       4 |  14.3
     Lair:1 |    3430 |    2093 |  37.9 |      12 |       5 |  29.4
     Lair:2 |    5775 |     737 |  11.3 |      16 |       1 |   5.9
     Lair:3 |    1351 |       0 |   0.0 |       4 |       0 |   0.0
            +---------+---------+-------+---------+---------+-------
